 Dungeon Crawl Stone Soup version 0.31.0-9-g3a7656b989 (webtiles) character file.

Game seed: 14419777905348298490

571849 Kenran the Slayer (level 26, -5/192 HPs)
             Began as a Gargoyle Fighter on Jan 27, 2024.
             Was a High Priest of Okawaru.
             Slain by a radroach (23 damage)
             ... spawned from a protean progenitor
             ... on level 1 of the Realm of Zot.
             The game lasted 02:36:16 (59664 turns).

Kenran the Slayer (Gargoyle Fighter)               Turns: 59664, Time: 02:36:16

Health: -5/192     AC: 54    Str: 35    XL:     26   Next: 99%
Magic:  32/32      EV: 15    Int: 12    God:    Okawaru [*****.]
Gold:   5046       SH:  0    Dex:  7    Spells: 25/25 levels left

rFire   + . .        d - +9 executioner's axe (elec)
rCold   + . .        (shield currently unavailable)
rNeg    + . .        l - +5 gold dragon scales
rPois   ∞            V - +0 helmet {SInv}
rElec   +            A - +1 cloak of Vexation {Will+ Int+2}
rCorr   +            s - +0 pair of gloves {Stlth+}
SInv    +            m - +1 pair of boots
Will    +++..        k - amulet of regeneration Stlth
                     u - +5 ring of evasion
HPRegen 1.32/turn    v - ring "Iceikkic" {Will+ rCorr Str+3 Int+3}
MPRegen 0.23/turn

%: no passive effects
@: flying, contaminated, slowed, glowing, studying Translocations, very slow
A: sickness immunity, AC +20, big wings, negative energy resistance 1,
electricity resistance, torment resistance 1, petrification resistance, clumsy
1, deformed body, deterioration 1, dopey 1, low MP 1
}: 3/15 runes: serpentine, barnacled, slimy
a: Renounce Religion, Heroism, Finesse, Duel


You were on level 1 of the Realm of Zot.
You worshipped Okawaru.
Okawaru was extremely pleased with you.
You visited 11 branches of the dungeon, and saw 48 of its levels.
You visited the Abyss 4 times.
You also visited: Bailey, Gauntlet, Ice Cave, Volcano, Wizlab and Desolation.

You collected 6428 gold pieces.
You spent 1382 gold pieces at shops.

Inventory:

Hand Weapons
 a - a +4 broad axe of flaming
 d - a +9 executioner's axe of electrocution (weapon)
 T - the +8 trishula "Condemnation" {holy, anguish, *Noise Fly rN+}
   (You found it on level 2 of the Elven Halls)

   rN+:       It protects you from negative energy.
   Fly:       It grants you flight.
   *Noise:    It may make a loud noise when swung.
Armour
 b - the +11 shadow dragon scales of the Unbroken {rPois Stlth++++}
   (Okawaru gifted it to you on level 5 of the Lair of Beasts)

   rPois:     It protects you from poison Stlth++++: It makes you much more
   stealthy.
 l - +5 gold dragon scales (worn)
 m - a +1 pair of boots (worn)
 s - a +0 pair of gloves of stealth (worn)
 A - the +1 cloak of Vexation (worn) {Will+ Int+2}
   (You found it in a wizard's laboratory)

   Int+2:     It affects your intelligence (+2).
   Will+:     It increases your willpower.
 U - a +1 kite shield of reflection
 V - a +0 helmet of see invisible (worn)
Jewellery
 f - a ring of protection from cold
 g - a ring of see invisible
 h - a +4 ring of slaying
 k - an amulet of regeneration (around neck)
 u - a +5 ring of evasion (left hand)
 v - the ring "Iceikkic" (right hand) {Will+ rCorr Str+3 Int+3}
   (You took it off a ragged hierophant in the Desolation of Salt)

   [ring of willpower]

   Str+3:     It affects your strength (+3).
   Int+3:     It affects your intelligence (+3).
   Will+:     It increases your willpower.
   rCorr:     It protects you from acid and corrosion.
 X - a +4 ring of protection
 Z - a ring of protection from fire
Wands
 w - a wand of iceblast (36)
 J - a wand of mindburst (41)
 O - a wand of acid (26)
 R - a wand of digging (15)
 S - a wand of polymorph (12)
Scrolls
 c - 5 scrolls of poison
 j - 10 scrolls of teleportation
 n - 5 scrolls of silence
 o - 5 scrolls of enchant weapon
 r - a scroll of butterflies
 z - 3 scrolls of revelation
 C - 2 scrolls of blinking
 D - 3 scrolls of fog
 K - 3 scrolls of brand weapon
 N - 5 scrolls of immolation {!r}
 W - 5 scrolls of fear
Potions
 e - a potion of cancellation
 i - 5 potions of magic
 p - a potion of ambrosia
 q - 7 potions of enlightenment
 t - 2 potions of resistance
 x - 12 potions of brilliance
 B - 9 potions of curing {@q1}
 E - 5 potions of haste
 F - 4 potions of might
 G - 3 potions of mutation {!q}
 H - 9 potions of attraction {!q}
 L - 6 potions of invisibility
 Q - 4 potions of heal wounds {@q2}
 Y - 2 potions of berserk rage {!q}
Miscellaneous
 I - a tin of tremorstones (2/2)
 M - a box of beasts


   Skills:
 + Level 26.7 Fighting
 - Level 24.0 Axes
 + Level 24.2 Armour
 - Level 10.0 Dodging
 - Level 5.0 Stealth
 - Level 8.0 Shields
 + Level 17.4 Invocations
 - Level 7.0 Evocations


You had 25 spell levels left.
You didn't know any spells.
Your spell library contained the following spells:

 Spells                   Type           Power      Damage    Failure   Level
 Apportation              Tloc           0%         N/A       86%         1
 Foxfire                  Conj/Fire      0%         2x1d4     86%         1
 Kiss of Death            Conj/Necr      0%         2d5       86%         1
 Magic Dart               Conj           0%         1d3       86%         1
 Necrotise                Necr           0%         1d4       86%         1
 Sandblast                Erth           0%         2d4       86%         1
 Slow                     Hex            0%         N/A       86%         1
 Sting                    Conj/Alch      0%         1d3       86%         1
 Blink                    Tloc           0%         N/A       95%         2
 Ensorcelled Hibernation  Hex/Ice        0%         N/A       95%         2
 Jinxbite                 Hex            0%         N/A       95%         2
 Lesser Beckoning         Tloc           0%         N/A       95%         2
 Mercury Vapours          Alch/Air       0%         N/A       95%         2
 Momentum Strike          Conj/Tloc      0%         3d8       95%         2
 Scorch                   Fire           0%         2d5       95%         2
 Searing Ray              Conj           0%         2d4       95%         2
 Confusing Touch          Hex            0%         N/A       99%         3
 Dazzling Flash           Conj/Hex       0%         N/A       99%         3
 Frozen Ramparts          Ice            0%         1d1       99%         3
 Fugue of the Fallen      Necr           0%         N/A       99%         3
 Gell's Gravitas          Tloc           0%         N/A       99%         3
 Hailstorm                Conj/Ice       0%         3d5       99%         3
 Inner Flame              Hex/Fire       0%         N/A       99%         3
 Mephitic Cloud           Conj/Alch/Air  0%         N/A       99%         3
 Ozocubu's Armour         Ice            0%         N/A       99%         3
 Passwall                 Erth           0%         N/A       99%         3
 Sigil of Binding         Hex            0%         N/A       99%         3
 Stone Arrow              Conj/Erth      0%         3d7       99%         3
 Teleport Other           Tloc           0%         N/A       99%         3
 Vampiric Draining        Necr           0%         2d6       99%         3
 Volatile Blastmotes      Fire/Tloc      0%         2d10      99%         3
 Anguish                  Hex/Necr       0%         N/A       100%        4
 Brom's Barrelling Bould  Conj/Erth      0%         2d3       100%        4
 Cause Fear               Hex            0%         N/A       100%        4
 Dispel Undead            Necr           0%         3d6       100%        4
 Flame Wave               Conj/Fire      0%         2d4       100%        4
 Fulminant Prism          Conj/Alch      0%         3d5       100%        4
 Ignite Poison            Fire/Alch      0%         N/A       100%        4
 Iskenderun's Mystic Bla  Conj/Tloc      0%         2d3       100%        4
 Leda's Liquefaction      Alch/Erth      0%         N/A       100%        4
 Manifold Assault         Tloc           0%         N/A       100%        4
 Olgreb's Toxic Radiance  Alch           0%         N/A       100%        4
 Passage of Golubria      Tloc           0%         N/A       100%        4
 Petrify                  Alch/Erth      0%         N/A       100%        4
 Sticky Flame             Fire/Alch      0%         2d4       100%        4
 Alistair's Intoxication  Alch           0%         N/A       100%        5
 Arcjolt                  Conj/Air       0%         1d10      100%        5
 Borgnjor's Vile Clutch   Necr/Erth      0%         N/A       100%        5
 Curse of Agony           Necr           0%         N/A       100%        5
 Freezing Cloud           Conj/Ice/Air   0%         6-21      100%        5
 Irradiate                Conj/Alch      0%         3d11      100%        5
 Iskenderun's Battlesphe  Conj           0%         2d6       100%        5
 Metabolic Englaciation   Hex/Ice        0%         N/A       100%        5
 Silence                  Hex/Air        0%         N/A       100%        5
 Yara's Violent Unravell  Hex/Alch       0%         3d3       100%        5
 Bombard                  Conj/Erth      0%         9d1       100%        6
 Conjure Ball Lightning   Conj/Air       0%         3x3d6     100%        6
 Dispersal                Tloc           0%         N/A       100%        6
 Eringya's Noxious Bog    Alch           0%         4d6       100%        6
 Enfeeble                 Hex            0%         N/A       100%        7
 Orb of Destruction       Conj           0%         9d5       100%        7
 Ozocubu's Refrigeration  Ice            0%         4d7       100%        7
 Borgnjor's Revivificati  Necr           0%         N/A       100%        8
 Discord                  Hex            0%         N/A       100%        8
 Disjunction              Tloc           0%         N/A       100%        8
 Ignition                 Fire           0%         3d3       100%        8
 Lehudib's Crystal Spear  Conj/Erth      0%         10d2      100%        8
 Chain Lightning          Conj/Air       0%         N/A       100%        9
 Death's Door             Necr           0%         N/A       100%        9
 Fire Storm               Conj/Fire      0%         5d1       100%        9
 Shatter                  Erth           0%         3d5*      100%        9
 Summon Small Mammal      Summ           Unusable   N/A       N/A         1
 Call Imp                 Summ           Unusable   N/A       N/A         2
 Cigotuvi's Dreadful Rot  Necr/Alch/Air  Unusable   N/A       N/A         2
 Summon Ice Beast         Ice/Summ       Unusable   N/A       N/A         3
 Martyr's Knell           Necr/Summ      Unusable   N/A       N/A         4
 Summon Blazeheart Golem  Fire/Summ      Unusable   N/A       N/A         4
 Summon Mana Viper        Hex/Summ       Unusable   N/A       N/A         5
 Sculpt Simulacrum        Ice/Alch       Unusable   N/A       N/A         6
 Summon Cactus Giant      Summ           Unusable   N/A       N/A         6
 Haunt                    Necr/Summ      Unusable   N/A       N/A         7
 Spellforged Servitor     Conj/Summ      Unusable   N/A       N/A         7
 Summon Hydra             Summ           Unusable   N/A       N/A         7

Dungeon Overview and Level Annotations

Branches:
Dungeon (15/15)            Temple (1/1) D:7            Lair (5/5) D:11
 Shoals (4/4) Lair:2        Snake (4/4) Lair:2        Slime (5/5) Lair:5
    Orc (2/2) D:11            Elf (3/3) Orc:2        Vaults (4/5) D:14
  Crypt (0/3) Vaults:3     Depths (4/4) D:15            Zot (1/5) Depths:4
 Bailey (visited)           IceCv (visited)         Volcano (visited)
 WizLab (visited)         Desolation (visited)      Gauntlet (visited)

Altars:
Ashenzari
Cheibriados
Dithmenos
Elyvilon
Fedhas
Gozag
Hepliaklqana
Kikubaaqudgha
Makhleb
Nemelex Xobeh
Okawaru
Qazlal
Ru
Sif Muna
Trog
Uskayaw
Vehumet
Wu Jian
Xom
Yredelemnul
Zin
The Shining One
Jiyva
Lugonu

Shops:
D:4 (   Orc:2 *[=(   Shoals:2 **   Snake:3 *!   Snake:4 *   Depths:1 [:==!
Depths:3 !

Portals:
Hell: Depths:1 Depths:2 Depths:3 Depths:4
Abyss: Lair:5 Depths:1 Depths:2 Depths:3
Pandemonium: Depths:2 Depths:3
Ziggurat: Depths:4

Annotations:
D:13 2 transporters, crabbadon's ghost, journeyman SpEn


Innate Abilities, Weirdness & Mutations

You are immune to sickness and miasma.
Your stone body is resilient. (AC +20)
You are immune to poison.
Your large and strong wings let you fly.
You resist negative energy. (rN+)
You are resistant to electric shocks. (rElec)
You are resistant to unholy torment.
You are immune to petrification.
You are clumsy. (Dex -2)
Armour fits poorly on your strangely shaped body.
Your body sometimes deteriorates upon taking damage.
You are dopey. (Int -2)
Your magical capacity is low. (-10% MP)


Message History

The radroach bites you but does no damage.
The radroach barely misses you.
You cut the radroach into ribbons!!!
You kill the radroach!
Okawaru accepts your kill. The radroach bites you!
The radroach closely misses you.
You slash the radroach!
The radroach is lightly wounded.
The radroach misses you. The radroach claws you!
You slash the radroach!
The radroach is moderately wounded.
The radroach bites you but does no damage.
The radroach claws you but does no damage.
The radroach bites you but does no damage.
The radroach claws you but does no damage.
You slice the radroach!!
The radroach is heavily wounded.
The radroach closely misses you.
The radroach claws you but does no damage.
You slash the radroach!
The radroach is severely wounded.
The radroach erupts in a fountain of uncontrolled magic!
You are blasted with magical radiation!!
You are very lightly contaminated with residual magic.
The radroach erupts in a fountain of uncontrolled magic!
You are blasted with magical radiation!!
* * * LOW HITPOINT WARNING * * *
You are contaminated with residual magic.
You barely miss the radroach.
The radroach is severely wounded.
The radroach bites you!
* * * LOW HITPOINT WARNING * * *
The radroach claws you but does no damage.
The radroach bites you!
* * * LOW HITPOINT WARNING * * *
The radroach claws you but does no damage.
You barely miss the radroach.
The radroach is severely wounded.
The radroach bites you!!
You die...

≣.# #. ≣.# #.
≣≈^≣ ≣.# ###.
8.J≣≣≣≣≣≣ #.#
#... ≣......8≣
#.# #.#.
≣.......≣ #.#
#.#. ≣...≣...≣
#.# #.#.
≣...≣...≣ #.#
#.#.
≣8..≣B.8≣##@#
#...
..≣≣'''''≣≣.#B#
#...
#...........B..#
#...
##.#......######
#... ######†#
#... #.# #...
#.# #... #.# #.#


You could see a radroach (fast, strong).

Vanquished Creatures
  the Royal Jelly (Arena)
  A dread lich (Abyss:6)
  An ancient lich (Abyss:6)
  Mara (Snake:3)
  A juggernaut (Depths:4)
  A caustic shrike (Depths:2)
  2 profane servitors
  A golden dragon (shapeshifter) (Zot:1)
  Nikola (Shoals:4)
  2 golden dragons (Depths:3)
  7 bone dragons
  Norris (Depths:1)
  2 tentacled monstrosities (Zot:1)
  Mlioglotl (Shoals:3)
  2 titans
  3 liches
  3 deep elf blademasters (Elf:3)
  A kraken (Shoals:3)
  3 sphinxes
  12 acid blobs
  2 deep elf master archers (Elf:3)
  2 eldritch tentacles (WizLab)
  14 tentacled starspawn
  Polyphemus (Shoals:3)
  2 death cobs
  Aizul (Vaults:1)
  Ilsuiw (Arena)
  14 rockslimes
  7 tengu reavers
  2 draconian monks
  3 storm dragons
  5 shadow dragons
  A protean progenitor (Zot:1)
  2 draconian knights
  16 azure jellies
  3 deep elf sorcerers
  8 fire giants
  An imperial myrmidon (Desolation)
  2 nagarajas
  8 vault wardens
  An iron dragon (Depths:2)
  4 deep elf elementalists (Elf:3)
  2 reapers (Abyss:6)
  A draconian scorcher (Zot:1)
  8 frost giants
  2 orc warlords (Orc:2)
  An iron dragon (shapeshifter) (Zot:1)
  An angel (Abyss:5)
  Louise (Shoals:1)
  A cacodemon (Abyss:5)
  14 quicksilver oozes
  5 formless jellyfish
  2 spriggan defenders (Depths:3)
  2 broodmothers (WizLab)
  19 very ugly things
  20 ironbound preservers
  6 stone giants
  6 ironbound thunderhulks
  7 deep elf demonologists
  A vampire knight (Vaults:3)
  4 white draconians
  15 dire elephants
  A lorocyproca (Abyss:6)
  Azrael (D:12)
  4 green draconians (Depths:4)
  9 deep elf death magi
  32 starcursed masses
  3 black draconians (Zot:1)
  2 halazid warlocks (Desolation)
  4 purple draconians
  5 deep elf annihilators
  5 spark wasps
  4 yellow draconians (Zot:1)
  6 ettins
  3 jiangshi
  Josephine (D:11)
  6 merfolk javelineers
  7 ragged hierophants (Desolation)
  A blizzard demon (WizLab)
  7 fire dragons
  4 entropy weavers
  6 merfolk impalers
  An eidolon (Abyss:6)
  10 yaktaur captains
  An entropy weaver (shapeshifter) (D:13)
  A shambling mangrove (Abyss:4)
  2 crystal guardians (Desolation)
  4 deep elf high priests
  3 vault guards (Vaults:1)
  7 rakshasas
  5 salamander tyrants
  17 great orbs of eyes
  Erolcha (D:9)
  7 ice dragons
  A spriggan zombie (Depths:1)
  13 servants of whispers
  2 hydras
  A radroach (Zot:1)
  2 merfolk avatars
  5 merfolk aquamancers
  11 ironbound frosthearts
  8 anacondas
  3 ogre magi
  4 alligator snapping turtles
  9 peacekeepers (Desolation)
  A spriggan air mage (Depths:3)
  A sphinx zombie (Depths:1)
  17 centaur warriors
  5 boulder beetles
  2 catoblepae
  15 naga warriors
  10 two-headed ogres
  3 deep troll shamans
  A death knight (D:14)
  2 satyrs
  29 dancing weapons
  3 deep troll earth magi
  An occultist (D:15)
  6 shock serpents
  3 vampire magi
  6 tengu warriors
  11 naga sharpshooters
  22 death yaks
  21 thrashing horrors
  6 orc high priests
  5 sun demons
  10 hell knights
  7 spriggan berserkers
  A soul eater (Vaults:3)
  7 iron trolls
  9 skysharks
  20 deep elf knights
  2 shadow wraiths (Abyss:6)
  9 wretched stars
  A fire crab (Shoals:4)
  6 salamander mystics
  A sea snake (shapeshifter) (Elf:1)
  A spatial maelstrom (Abyss:5)
  6 sixfirhies
  7 sea snakes
  7 glowing orange brains
  A flayed ghost (Depths:4)
  An orb spider (shapeshifter) (WizLab)
  4 spriggan druids (Depths:3)
  12 mana vipers
  45 deep trolls
  3 arcanists
  2 obsidian statues (WizLab)
  2 sun moths (Shoals:2)
  6 naga ritualists
  A necromancer (Depths:4)
  Pikel (D:7)
  20 deep elf archers
  A spark wasp zombie (Depths:1)
  8 orc knights
  25 ironbound convokers
  13 harpies
  32 deep elf zephyrmancers
  7 lindwurms
  31 deep elf pyromancers
  3 shining eyes
  6 cyclopes
  7 orc sorcerers
  12 manticores
  A faun (shapeshifter) (Depths:4)
  13 ugly things
  A will-o-the-wisp (Abyss:6)
  6 worldbinders
  21 salamanders
  4 fauns
  4 meliai
  4 moths of wrath
  13 elephants
  A meliai (shapeshifter) (D:13)
  A guardian serpent (shapeshifter) (D:15)
  11 merfolk sirens
  12 guardian serpents
  22 black mambas
  3 molten gargoyles
  11 water nymphs
  6 kobold blastminers
  12 vault sentinels
  3 apocalypse crabs
  An eye of devastation (Slime:5)
  9 smoke demons
  A black mamba (shapeshifter) (D:11)
  12 naga magi
  Maggie (D:8)
  13 cane toads
  2 torpor snails
  A gargoyle (D:11)
  18 large abominations
  4 rime drakes
  A komodo dragon (shapeshifter) (Lair:5)
  13 komodo dragons
  2 unseen horrors
  2 hellions
  24 yaktaurs
  3 efreet
  3 freezing wraiths
  10 ancient zymes
  A tengu conjurer (D:13)
  30 merfolk
  3 polar bears (Lair:5)
  A troll (shapeshifter) (D:12)
  14 trolls
  7 wind drakes
  3 hornets (Abyss:4)
  A hellwing (Abyss:5)
  15 raiju
  18 blink frogs
  71 saltlings
  6 dream sheep
  2 glass eyes (Slime:5)
  12 snapping turtles
  A glass eye (shapeshifter) (D:13)
  A jumping spider (WizLab)
  Sigmund (D:6)
  A culicivora (shapeshifter) (Lair:5)
  88 slime creatures
  A jumping spider (shapeshifter) (Depths:2)
  A spriggan (shapeshifter) (Elf:3)
  17 small abominations
  4 air elementals
  6 ynoxinuls
  4 shadows
  20 spriggans
  15 water elementals
  4 wyverns
  9 wraiths
  9 basilisks
  15 fire bats
  3 golden eyes
  45 yaks
  3 wargs
  5 redbacks
  4 steam dragons
  6 chaos spawn
  9 neqoxecs
  14 vampire mosquitoes
  An acid dragon (shapeshifter) (Elf:2)
  53 nagas
  3 swamp worms (D:7)
  14 water moccasins
  2 acid dragons
  11 hell hounds
  Duvessa (D:4)
  46 orc warriors
  A sky beast (D:8)
  2 black bears (D:5)
  27 laughing skulls
  11 ogres
  24 wolves
  13 centaurs
  3 lemures (D:7)
  A phantom (D:4)
  3 kobold brigands
  5 weeping skulls
  12 bullfrogs
  5 scorpions (D:5)
  3 earth elementals
  11 wights
  Dowan (D:4)
  3 killer bees (D:10)
  5 howler monkeys
  An electric eel (Lair:4)
  6 lava snakes (Volcano)
  4 komodo dragon simulacra (IceCv)
  A bombardier beetle (D:3)
  5 jellies
  27 orc priests
  A gnoll bouda (D:7)
  2 hounds
  7 iguanas
  38 orc wizards
  Natasha (twice) (D:3)
  7 adders
  9 gnolls
  2 acid dragon simulacra (IceCv)
  2 shadow imps
  3 white imps
  2 ufetubi
  A steam dragon simulacrum (IceCv)
  5 dart slugs
  8 ribbon worms
  132 orcs
  4 bats
  9 endoplasms
  2 giant cockroaches (D:1)
  20 goblins
  9 hobgoblins
  3 quokkas
  9 ball pythons
  A frilled lizard (D:1)
  25 kobolds
  7 rats
  20 starspawn tentacles
  4 tentacles (Shoals:3)
2379 creatures vanquished.

Vanquished Creatures (others)
  A fire giant (Vaults:2)
  A deep elf knight (Elf:1)
  2 deep elf zephyrmancers (Elf:2)
  2 deep elf pyromancers
  A faun (Shoals:2)
  A large abomination (Abyss:6)
  A merfolk (Shoals:4)
  An air elemental (Elf:1)
  A small abomination (Abyss:5)
  A lurking horror (Abyss:6)
  33 starspawn tentacles
  4 tentacles (Shoals:3)
49 creatures vanquished.

Grand Total: 2428 creatures vanquished

Notes
Turn   | Place    | Note
-------+----------+-------------------------------------------
     0 | D:1      | Kenran the Gargoyle Fighter began the quest for the Orb.
     0 | D:1      | Reached XP level 1. HP: 14/14 MP: 1/1
   159 | D:1      | Reached XP level 2. HP: 19/19 MP: 2/2
   352 | D:1      | Reached XP level 3. HP: 23/23 MP: 3/3
   742 | D:2      | Reached XP level 4. HP: 28/28 MP: 4/4
  1604 | D:3      | Reached XP level 5. HP: 19/32 MP: 5/5
  1714 | D:3      | Reached skill level 5 in Axes
  1973 | D:3      | Noticed Natasha
  1985 | D:3      | Killed Natasha
  2272 | D:3      | Noticed Natasha
  2278 | D:3      | Killed Natasha
  2279 | D:3      | Reached XP level 6. HP: 37/37 MP: 6/6
  2519 | D:4      | Reached XP level 7. HP: 40/41 MP: 7/7
  2657 | D:4      | Noticed Duvessa
  2657 | D:4      | Noticed Dowan
  2677 | D:4      | Killed Dowan
  2683 | D:4      | Killed Duvessa
  2955 | D:4      | Found Tuhiukag's Antique Weapon Shop.
  3028 | D:5      | Entered Level 5 of the Dungeon
  3246 | D:5      | Reached XP level 8. HP: 44/46 MP: 8/8
  3252 | D:5      | Identified the +0 leather armour "Runenk" {rF+}
  3402 | D:5      | Found a burning altar of Makhleb.
  3487 | D:5      | Reached skill level 4 in Fighting
  3853 | D:6      | Noticed Sigmund
  3855 | D:6      | Reached skill level 5 in Fighting
  3869 | D:6      | Killed Sigmund
  3870 | D:6      | Reached skill level 5 in Armour
  3870 | D:6      | Reached XP level 9. HP: 22/54 MP: 9/9
  4129 | D:6      | You fall into a shaft and drop 2 floors!
  4144 | D:8      | Noticed a two-headed ogre
  4170 | D:8      | Noticed Maggie
  4187 | D:8      | Killed Maggie
  4188 | D:8      | Reached skill level 6 in Fighting
  4188 | D:8      | Reached skill level 10 in Axes
  4358 | D:7      | Found a staircase to the Ecumenical Temple.
  4371 | D:7      | Reached skill level 1 in Evocations
  4385 | Temple   | Entered the Ecumenical Temple
  4846 | D:6      | Reached skill level 7 in Fighting
  5273 | D:7      | Noticed Pikel
  5480 | D:7      | Reached XP level 10. HP: 47/64 MP: 10/10
  5640 | D:7      | Reached skill level 8 in Fighting
  6239 | D:7      | Found an ornate altar of the Wu Jian Council.
  6373 | D:8      | Killed a two-headed ogre
  7334 | D:9      | Noticed a two-headed ogre
  7656 | D:9      | Noticed Erolcha
  7660 | D:9      | Killed Erolcha
  7661 | D:9      | Reached XP level 11. HP: 68/68 MP: 11/11
  7791 | D:9      | Killed a two-headed ogre
  7911 | D:9      | Found an iron altar of Okawaru.
  7913 | D:9      | Found a shimmering blue altar of Sif Muna.
  7918 | D:9      | Found an opulent altar of Gozag.
  7920 | D:9      | Became a worshipper of Warmaster Okawaru
  8165 | D:9      | Identified the +12 falchion of Viyteys {venom, Str+4}
  8356 | D:9      | Found a glowing silver altar of Zin.
  8382 | D:9      | Reached * piety under Okawaru
  8674 | D:10     | Entered Level 10 of the Dungeon
  8702 | D:10     | Identified a scroll of acquirement
  8703 | D:10     | Acquired a +2 executioner's axe of pain
  8761 | D:10     | Found a flagged portal.
  8773 | Bailey   | Entered a bailey
  8981 | Bailey   | Noticed an orc knight
  9008 | Bailey   | Killed an orc knight
  9155 | Bailey   | Noticed an orc knight
  9412 | D:10     | Reached skill level 15 in Axes
  9412 | D:10     | Reached XP level 12. HP: 73/73 MP: 12/12
  9557 | D:10     | Found a radiant altar of Vehumet.
  9824 | D:10     | Reached ** piety under Okawaru
 10105 | D:11     | Found a gate leading to a gauntlet.
 10110 | Gauntlet | Entered a Gauntlet
 10110 | Gauntlet | Found a transporter.
 10110 | Gauntlet | Found a transporter.
 10112 | Gauntlet | Found a transporter.
 10112 | Gauntlet | Found a transporter.
 10116 | Gauntlet | Found a transporter.
 10116 | Gauntlet | Found a transporter.
 10142 | Gauntlet | Found a transporter.
 10146 | Gauntlet | Found a transporter.
 10150 | Gauntlet | Noticed a dire elephant
 10154 | Gauntlet | Found a transporter.
 10171 | Gauntlet | Found a transporter.
 10172 | Gauntlet | Noticed a blizzard demon
 10188 | Gauntlet | Found a transporter.
 10229 | Gauntlet | Found a transporter.
 10520 | D:7      | Killed Pikel
 10780 | D:11     | Reached skill level 9 in Fighting
 10855 | D:11     | Noticed Josephine
 10863 | D:11     | Killed Josephine
 10863 | D:11     | Reached *** piety under Okawaru
 10864 | D:11     | Reached XP level 13. HP: 72/80 MP: 11/13
 10908 | D:11     | Found a staircase to the Lair.
 11169 | D:11     | Reached skill level 10 in Fighting
 11170 | D:11     | Found a staircase to the Orcish Mines.
 11901 | Lair:1   | Entered Level 1 of the Lair of Beasts
 11971 | Lair:1   | Reached skill level 11 in Fighting
 11994 | Lair:1   | Reached **** piety under Okawaru
 12466 | Lair:1   | Reached skill level 12 in Fighting
 12466 | Lair:1   | Reached skill level 1 in Invocations
 12742 | Lair:1   | Reached skill level 5 in Invocations
 12985 | Lair:1   | Reached ***** piety under Okawaru
 13694 | Lair:2   | Reached skill level 10 in Armour
 13740 | Lair:2   | Found a staircase to the Shoals.
 14014 | Lair:2   | Found a staircase to the Snake Pit.
 14275 | Lair:2   | Received a gift from Okawaru
 14413 | Lair:3   | Gained mutation: Your large and strong wings let you fly.
                  | [Gargoyle growth]
 14413 | Lair:3   | Reached XP level 14. HP: 92/92 MP: 17/17
 15574 | Lair:4   | Received a gift from Okawaru
 15666 | Lair:4   | Found a dark tunnel.
 15675 | Volcano  | Entered a volcano
 16170 | Volcano  | Found a radiant altar of Vehumet.
 16285 | Volcano  | Identified the +4 falchion of a sewer {flame, rPois rF+
                  | Str+4}
 16699 | Lair:4   | Received a gift from Okawaru
 17138 | Lair:5   | Entered Level 5 of the Lair of Beasts
 17445 | Lair:5   | HP: 3/92 [rime drake/icy flash freeze (21)]
 17733 | Lair:5   | Found a frozen archway.
 17746 | Lair:5   | Received a gift from Okawaru
 17756 | Lair:5   | Reached XP level 15. HP: 85/97 MP: 15/18
 17757 | Lair:5   | Reached skill level 13 in Fighting
 17775 | IceCv    | Entered an ice cave
 18204 | Lair:5   | Found a staircase to the Slime Pits.
 18397 | Lair:5   | Reached skill level 14 in Fighting
 19150 | Lair:5   | Reached ****** piety under Okawaru
 19159 | Lair:5   | Acquired a +2 broad axe of flaming
 19159 | Lair:5   | Received a gift from Okawaru
 19200 | Lair:5   | Received a gift from Okawaru
 19207 | Lair:5   | Acquired the +11 shadow dragon scales of the Unbroken
                  | {rPois Stlth++++}
 19207 | Lair:5   | Received a gift from Okawaru
 19292 | Lair:5   | Reached skill level 15 in Fighting
 19609 | Lair:5   | Found a corrupted altar of Lugonu.
 19609 | Lair:5   | Found a one-way gate to the infinite horrors of the Abyss.
 19997 | D:12     | Noticed Azrael
 20015 | D:12     | Killed Azrael
 20167 | D:12     | Received a gift from Okawaru
 20217 | D:12     | Reached skill level 16 in Fighting
 20259 | D:12     | Noticed a fire giant
 20278 | D:12     | Killed a fire giant
 20583 | D:12     | Got the Anthology of Massed Enchantment
 20738 | D:12     | Noticed a storm dragon
 20747 | D:12     | Killed a storm dragon
 20916 | D:12     | Noticed a tengu reaver
 21175 | D:13     | Noticed crabbadon's ghost (journeyman SpEn)
 21181 | D:13     | Found a transporter.
 21186 | D:13     | Found a bloodstained altar of Trog.
 21189 | D:13     | Found a transporter.
 21296 | D:13     | Found a radiant altar of Vehumet.
 21410 | D:13     | Received a gift from Okawaru
 21426 | D:13     | Reached skill level 5 in Evocations
 21781 | D:14     | Reached XP level 16. HP: 78/110 MP: 13/20
 22563 | D:14     | Found a gate to the Vaults.
 22903 | D:15     | Entered Level 15 of the Dungeon
 23205 | D:15     | Found an opulent altar of Gozag.
 23359 | D:15     | Received a gift from Okawaru
 23474 | D:15     | Paralysed by something for 5 turns
 23604 | D:15     | Found a staircase to the Depths.
 23878 | D:15     | Found a broken altar of Ashenzari.
 24035 | Orc:1    | Entered Level 1 of the Orcish Mines
 24296 | Orc:2    | Entered Level 2 of the Orcish Mines
 24343 | Orc:2    | Found a staircase to the Elven Halls.
 24843 | Orc:2    | Received a gift from Okawaru
 24877 | Orc:2    | Reached skill level 1 in Stealth
 25110 | Orc:2    | Paralysed by an orc sorcerer for 5 turns
 25235 | Orc:2    | Paralysed by an orc sorcerer for 3 turns
 25527 | Orc:2    | Found Ascherush's Antique Armour Boutique.
 25528 | Orc:2    | Found Tesim's Antique Weapon Shop.
 25530 | Orc:2    | Found Yxuaji's General Store.
 25530 | Orc:2    | Found Deodulu's Jewellery Boutique.
 25545 | Orc:2    | Bought a steaming helmet for 294 gold pieces
 25545 | Orc:2    | Identified the +0 helmet "Riullal" {rF+ rC- rN+} (You
                  | bought it in a shop on level 2 of the Orcish Mines)
 25664 | Orc:1    | Received a gift from Okawaru
 26141 | D:12     | Killed a tengu reaver
 26142 | D:12     | Reached XP level 17. HP: 100/116 MP: 11/23
 26392 | Snake:1  | Entered Level 1 of the Snake Pit
 26446 | Snake:1  | Reached skill level 17 in Fighting
 27003 | Snake:1  | Found a bloodstained altar of Trog.
 27448 | Snake:1  | Received a gift from Okawaru
 28658 | Snake:2  | Received a gift from Okawaru
 28809 | Snake:2  | Reached skill level 18 in Fighting
 29523 | Snake:3  | Found Qeplif's Neck Hole.
 29541 | Snake:3  | Bought an amulet of regeneration for 420 gold pieces
 29704 | Snake:3  | Received a gift from Okawaru
 29777 | Snake:3  | Noticed Mara
 29942 | Snake:3  | Found Ymoishah's Distillery.
 29946 | Snake:3  | Bought a potion of mutation for 80 gold pieces
 29946 | Snake:3  | Bought a potion of curing for 30 gold pieces
 29946 | Snake:3  | Bought a potion of curing for 30 gold pieces
 30389 | Snake:3  | Killed Mara
 30913 | Snake:3  | Reached XP level 18. HP: 97/125 MP: 24/24
 31143 | Shoals:1 | Entered Level 1 of the Shoals
 31385 | Shoals:1 | Received a gift from Okawaru
 31427 | Shoals:1 | Noticed Louise
 31464 | Shoals:1 | Killed Louise
 32845 | Shoals:2 | Reached skill level 15 in Armour
 33081 | Shoals:2 | Found Eloli Lon's General Store.
 33085 | Shoals:2 | Found Tohud's Specific Store.
 33093 | Shoals:2 | Bought a potion of heal wounds for 65 gold pieces
 33093 | Shoals:2 | Bought a scroll of identify for 26 gold pieces
 33135 | Shoals:3 | Received a gift from Okawaru
 33145 | Shoals:3 | Reached skill level 10 in Invocations
 33238 | Shoals:3 | Noticed Polyphemus
 33251 | Shoals:3 | Killed Polyphemus
 33268 | Shoals:3 | Reached skill level 19 in Fighting
 33309 | Shoals:3 | Noticed Mlioglotl
 33320 | Shoals:3 | Killed Mlioglotl
 33444 | Shoals:3 | Received a gift from Okawaru
 33531 | Shoals:3 | Noticed Ilsuiw
 33540 | Arena    | Entered the Arena
 33578 | Arena    | Killed Ilsuiw
 34063 | Shoals:4 | Entered Level 4 of the Shoals
 34411 | Shoals:4 | Identified the +1 leather armour of the Eleven Tusks {rF+
                  | Str+2 Slay+3}
 34520 | Shoals:4 | Received a gift from Okawaru
 34821 | Shoals:4 | Reached XP level 19. HP: 130/134 MP: 26/26
 34838 | Shoals:4 | Identified the +4 great sword of Gravity {pain, Str+4
                  | Dex-5}
 34996 | Shoals:4 | Got a barnacled rune of Zot
 35207 | Shoals:4 | Noticed Nikola
 35224 | Shoals:4 | Killed Nikola
 35225 | Shoals:4 | Reached skill level 20 in Fighting
 35700 | Snake:4  | Entered Level 4 of the Snake Pit
 35741 | Snake:4  | Found Toitiang's Gadget Gallery.
 36347 | Snake:4  | Received a gift from Okawaru
 36522 | Snake:4  | Reached skill level 1 in Dodging
 36850 | Snake:4  | Got a serpentine rune of Zot
 37273 | Snake:4  | Reached XP level 20. HP: 140/140 MP: 27/27
 37495 | Elf:1    | Entered Level 1 of the Elven Halls
 37663 | Elf:1    | Paralysed by an air elemental for 1 turns
 38043 | Elf:1    | Paralysed by an air elemental for 1 turns
 38121 | Elf:1    | Reached skill level 5 in Dodging
 38656 | Elf:1    | Received a gift from Okawaru
 39160 | Elf:2    | Found an ancient bone altar of Kikubaaqudgha.
 39234 | Elf:2    | Paralysed by an air elemental for 1 turns
 39238 | Elf:2    | Reached XP level 21. HP: 109/146 MP: 28/28
 39239 | Elf:2    | Paralysed by an air elemental for 1 turns
 39336 | Elf:1    | Found an ancient bone altar of Kikubaaqudgha.
 39362 | Elf:2    | Found a runed translucent gate.
 39362 | Elf:2    | Found a runed translucent gate.
 39363 | Elf:2    | Found a runed translucent gate.
 39595 | Elf:2    | Received a gift from Okawaru
 39597 | Elf:2    | Found the +8 trishula "Condemnation" {holy, anguish, *Noise
                  | Fly rN+}
 40544 | Elf:2    | Identified the blade talisman of Follow the Leader {rPois
                  | rC+}
 40669 | Elf:3    | Entered Level 3 of the Elven Halls
 40774 | Elf:3    | Reached skill level 5 in Stealth
 41060 | Elf:3    | Received a gift from Okawaru
 41098 | Elf:3    | Found a huge runed translucent gate.
 41098 | Elf:3    | Found a huge runed translucent gate.
 41099 | Elf:3    | Found a huge runed translucent gate.
 41099 | Elf:3    | Found a huge runed translucent gate.
 41100 | Elf:3    | Found a huge runed translucent gate.
 41100 | Elf:3    | Found a huge runed translucent gate.
 41100 | Elf:3    | Found a huge runed translucent gate.
 41100 | Elf:3    | Found a huge runed translucent gate.
 41100 | Elf:3    | Found a huge runed translucent gate.
 41100 | Elf:3    | Found a huge runed translucent gate.
 41100 | Elf:3    | Found a huge runed translucent gate.
 41100 | Elf:3    | Found a huge runed translucent gate.
 41101 | Elf:3    | Found a huge runed translucent gate.
 41101 | Elf:3    | Found a huge runed translucent gate.
 41101 | Elf:3    | Found a huge runed translucent gate.
 41101 | Elf:3    | Found a huge runed translucent gate.
 41101 | Elf:3    | Found a huge runed translucent gate.
 41101 | Elf:3    | Found a huge runed translucent gate.
 41103 | Elf:3    | Found a huge runed translucent gate.
 41103 | Elf:3    | Found a huge runed translucent gate.
 41949 | Elf:3    | Identified the +8 lajatang "Agreko" {pain, rC+ rCorr}
 42213 | Elf:3    | Received a gift from Okawaru
 42440 | Elf:3    | Reached skill level 21 in Fighting
 42518 | Elf:3    | Got the Collected Works on Fluctuating Blasts
 42609 | Elf:3    | Identified the +1 whip "Myrgheho" {flame, SInv}
 42949 | Vaults:1 | Entered Level 1 of the Vaults
 43162 | Vaults:1 | Received a gift from Okawaru
 43169 | Vaults:1 | Reached XP level 22. HP: 142/155 MP: 30/30
 43636 | Vaults:1 | Reached skill level 22 in Fighting
 43712 | Vaults:1 | Identified the serpent talisman of Bujabiph {Will++ Dex+3}
 43712 | Vaults:1 | Noticed Aizul
 43754 | Vaults:1 | Killed Aizul
 44245 | Vaults:2 | Received a gift from Okawaru
 44379 | Vaults:2 | Reached skill level 5 in Shields
 45279 | Vaults:2 | Identified the +1 arbalest of the Eggplant {freeze, rC-
                  | Dex+6}
 45564 | Vaults:2 | Identified the +0 chain mail of Reoqiuve {Str+3}
 46225 | Vaults:3 | Found a staircase to the Crypt.
 46250 | Vaults:3 | Paralysed by a vampire knight for 4 turns
 46586 | Vaults:3 | Received a gift from Okawaru
 46681 | Vaults:3 | Paralysed by a sphinx for 2 turns
 46890 | Vaults:3 | Reached skill level 23 in Fighting
 47119 | Vaults:3 | Reached XP level 23. HP: 162/163 MP: 31/31
 47516 | Vaults:4 | Received a gift from Okawaru
 47751 | Vaults:4 | Found a crumbling gateway.
 47756 | Desolati | Entered the Desolation of Salt
 47929 | Desolati | Identified the ring of Ylehereh {rPois Will+ Dex+3}
 47967 | Desolati | Identified the +1 buckler of Mehockua {+Inv rF+++ Str-3}
 47967 | Desolati | Identified the ring "Iceikkic" {Will+ rCorr Str+3 Int+3}
 48067 | Desolati | Received a gift from Okawaru
 48177 | Desolati | Reached skill level 24 in Fighting
 48207 | Abyss:3  | Cast into level 3 of the Abyss (servant of whispers)
 48277 | Abyss:4  | Found a corrupted altar of Lugonu.
 48467 | Desolati | Escaped the Abyss
 48619 | Desolati | Received a gift from Okawaru
 48665 | Desolati | Got Daful's Teachings on Bombardment
 49576 | Vaults:4 | Reached XP level 24. HP: 175/175 MP: 31/31
 50056 | Depths:1 | Entered Level 1 of the Depths
 50212 | Depths:1 | Received a gift from Okawaru
 50515 | D:15     | Reached skill level 25 in Fighting
 50570 | Depths:1 | Identified the +1 leather armour of the Secret Xenops {Harm
                  | Will+ Stlth-}
 50666 | Depths:1 | Found Wugeurph's Armour Shoppe.
 50770 | Depths:1 | Found an ancient bone altar of Kikubaaqudgha.
 50799 | Depths:1 | Found a gateway to Hell.
 50890 | Depths:1 | Found Maxzair's Jewellery Shoppe.
 50891 | Depths:1 | Found Saoff's Book Boutique.
 50892 | Depths:1 | Found Vurghiac's Jewellery Shoppe.
 50927 | Depths:1 | Found Daocoll's Distillery.
 50935 | Depths:1 | Bought a potion of curing for 57 gold pieces
 50935 | Depths:1 | Bought a potion of cancellation for 152 gold pieces
 50935 | Depths:1 | Bought a potion of might for 76 gold pieces
 50935 | Depths:1 | Bought a potion of curing for 57 gold pieces
 50935 | Depths:1 | Bought a potion of heal wounds for 95 gold pieces
 50973 | Depths:1 | Found a corrupted altar of Lugonu.
 50975 | Depths:1 | Noticed Norris
 50986 | Depths:1 | Killed Norris
 51291 | Depths:2 | Noticed a caustic shrike
 51305 | Depths:2 | Killed a caustic shrike
 51589 | Depths:2 | Found a one-way gate leading to the halls of Pandemonium.
 52238 | Depths:2 | Found a sparkling altar of Nemelex Xobeh.
 52685 | Depths:3 | Found Woeb Ong's Distillery.
 52700 | Depths:3 | Found a magical portal.
 53106 | Depths:3 | Received a gift from Okawaru
 53344 | Depths:3 | Gained mutation: Your magical capacity is low. (-10% MP) [a
                  | shining eye]
 53346 | Depths:3 | Gained mutation: You sometimes lose your temper in combat.
                  | [a shining eye]
 53372 | WizLab   | Entered The Roulette of Golubria
 53372 | WizLab   | Found a transporter.
 53392 | WizLab   | Lost mutation: You sometimes lose your temper in combat.
                  | [potion of mutation]
 53392 | WizLab   | Lost mutation: Your magical capacity is low. (-10% MP)
                  | [potion of mutation]
 53392 | WizLab   | Gained mutation: You are clumsy. (Dex -2) [potion of
                  | mutation]
 53392 | WizLab   | Gained mutation: Your magical capacity is low. (-10% MP)
                  | [potion of mutation]
 53392 | WizLab   | Gained mutation: You expend magic power (3 MP) to
                  | strengthen your wands. [potion of mutation]
 53395 | WizLab   | Found a corrupted altar of Lugonu.
 53418 | WizLab   | Found a corrupted altar of Lugonu.
 53456 | WizLab   | Reached skill level 15 in Invocations
 53461 | WizLab   | Found a transporter.
 53472 | WizLab   | Found a transporter.
 53487 | WizLab   | Found a corrupted altar of Lugonu.
 53704 | WizLab   | Found a transporter.
 53704 | WizLab   | Found a transporter.
 53776 | WizLab   | Found a transporter.
 53807 | WizLab   | Found a corrupted altar of Lugonu.
 53832 | WizLab   | Found a corrupted altar of Lugonu.
 53834 | WizLab   | Found a corrupted altar of Lugonu.
 53850 | WizLab   | Found a transporter.
 53868 | WizLab   | Found a corrupted altar of Lugonu.
 53923 | WizLab   | Found a transporter.
 53923 | WizLab   | Found a transporter.
 53966 | WizLab   | Reached XP level 25. HP: 179/181 MP: 24/30
 54018 | WizLab   | Identified the +1 cloak of Vexation {Will+ Int+2}
 54037 | WizLab   | Got the Thoughts on the Traveller
 54045 | WizLab   | Identified the +1 cloak "Jyixe" {Stlth+}
 54111 | Depths:3 | Received a gift from Okawaru
 54914 | Depths:4 | Entered Level 4 of the Depths
 55086 | Depths:4 | Found a one-way gateway to a ziggurat.
 55168 | Depths:4 | Noticed a juggernaut
 55214 | Depths:4 | Killed a juggernaut
 55252 | Depths:4 | Found a gate to the Realm of Zot.
 55603 | Depths:4 | Received a gift from Okawaru
 56046 | Depths:3 | Voluntarily entered the Abyss.
 56046 | Abyss:5  | Found a corrupted altar of Lugonu.
 56292 | Abyss:5  | Gained mutation: Your muscles are strong. (Str +4, Int/Dex
                  | -1) [a neqoxec]
 56473 | Abyss:5  | Found a corrupted altar of Lugonu.
 56550 | Abyss:6  | Paralysed by accursed screaming for 1 turns
 56616 | Abyss:6  | Received a gift from Okawaru
 56639 | Abyss:6  | Reached XP level 26. HP: 120/188 MP: 30/31
 56662 | Depths:3 | Escaped the Abyss
 56796 | Depths:3 | Voluntarily entered the Abyss.
 56796 | Abyss:6  | Noticed a dread lich
 56805 | Abyss:6  | Paralysed by accursed screaming for 1 turns
 56807 | Abyss:6  | Killed a dread lich
 56826 | Depths:3 | Escaped the Abyss
 56928 | Depths:3 | Voluntarily entered the Abyss.
 56942 | Abyss:6  | Gained mutation: Armour fits poorly on your strangely
                  | shaped body. [a neqoxec]
 56962 | Abyss:6  | Found a corrupted altar of Lugonu.
 56973 | Abyss:6  | Gained mutation: Your spells are much easier to cast, but
                  | much less powerful. [a neqoxec]
 57054 | Abyss:6  | Noticed an ancient lich
 57068 | Abyss:6  | Paralysed by accursed screaming for 1 turns
 57070 | Abyss:6  | Killed an ancient lich
 57129 | Abyss:6  | Reached skill level 10 in Dodging
 57179 | Depths:3 | Escaped the Abyss
 57252 | Depths:3 | Lost mutation: You expend magic power (3 MP) to strengthen
                  | your wands. [potion of mutation]
 57252 | Depths:3 | Lost mutation: Your muscles are strong. (Str +4, Int/Dex
                  | -1) [potion of mutation]
 57252 | Depths:3 | Lost mutation: Your spells are a little easier to cast, but
                  | a little less powerful. [potion of mutation]
 57567 | Slime:1  | Entered Level 1 of the Pits of Slime
 57807 | Slime:4  | Received a gift from Okawaru
 57907 | Slime:5  | Entered Level 5 of the Pits of Slime
 57998 | Slime:5  | Reached skill level 26 in Fighting
 58053 | Slime:5  | Gained mutation: You are dopey. (Int -2) [a shining eye]
 58058 | Slime:5  | Gained mutation: Your body sometimes deteriorates upon
                  | taking damage. [a shining eye]
 58170 | Slime:5  | Noticed the Royal Jelly
 58376 | Slime:5  | Found a viscous altar of Jiyva.
 58496 | Arena    | Entered the Arena
 58511 | Arena    | Killed the Royal Jelly
 58582 | Slime:5  | Identified the ring of Honesty {Fire SInv}
 58626 | Slime:5  | Got Kiulel's Further Progress in Incantation
 58629 | Slime:5  | Got a slimy rune of Zot
 59207 | Zot:1    | Entered Level 1 of the Realm of Zot
 59611 | Zot:1    | Noticed a juggernaut
 59664 | Zot:1    | Slain by a radroach

Illustrated notes

Levels and vault maps discovered:
D:1:      lightli_arrival_statuegarden, layout_basic
D:2:      layout_basic, kennysheep_generic_room_6
D:3:      layout_loops_cross, minmay_misc_feat_cross, nicolae_wormholes,
          uniq_natasha
D:4:      cheibrodos_greedy_goblins, layout_rooms, serial_shops,
          nicolae_shop_tiny_waterfront, uniq_duvessa
D:5:      layout_cave_pools, mainiacjoe_overflow_boulevard,
          hangedman_abyss_or_decor_passed, kennysheep_small_square
D:6:      wander_river, layout_cave_pools, grunt_ministairs_7, uniq_sigmund
D:7:      layout_cave_pools, nzn_wu_jian_contemplation,
          minmay_temple_entry_stoned_glass, worms_lemuel, uniq_pikel
D:8:      layout_loops_ring, kennysheep_donut, uniq_maggie
D:9:      layout_basic, lemuel_tele_altar, gammafunk_temple_overflow_forgotten,
          kennysheep_potato, uniq_erolcha
D:10:     layout_irregular_city, mainiacjoe_overflow_paths, enter_bailey_3,
          amethyst_killhole
D:11:     layout_basic, erik_lair_orcish_takeover, david_orc_5,
          gauntlet_entry_generic, uniq_josephine
D:12:     minmay_chopped_fan, layout_loops_ring, uniq_azrael
D:13:     layout_roguey, gammafunk_ghost_wrathful_warriors, vehumet_crystals
D:14:     layout_grid_maze, david_vaults_1, hangedman_decor_opposing
D:15:     hellmonk_depths_entry_around_the_bend, layout_rooms,
          nicolae_gozag_cash_rules_everything_around_me,
          nicolae_ashenzari_skybound
Temple:   hellmonk_temple_two_chambers
Lair:1:   layout_loops_ring
Lair:2:   layout_gridlike, minmay_shoals_entry_beasts,
          alex1729_snake_entry_snake, chequers_serial_rivers_micro_b
Lair:3:   layout_big_grid, serial_bayou_shore_b, infiniplex_staircase_pool
Lair:4:   layout_long_grid, nicolae_volcano_entry_two_sided,
          serial_bayou_shore_b, serial_bayou_shore_a
Lair:5:   hellmonk_lair_end_abyssal_woods, layout_regular_city,
          nicolae_slime_entry_slimehenge,
          portal_ice_cave_entry_animals_and_master
Shoals:1: layout_shoals, nicolae_shoals_land_atoll,
          nicolae_shoals_dead_sea_scrolls, uniq_louise
Shoals:2: layout_shoals, nicolae_specific_store, nicolae_shoals_bring_sunscreen
Shoals:3: layout_shoals, hangedman_shoal_volcano, uniq_ilsuiw, uniq_polyphemus,
          uniq_mlioglotl
Shoals:4: shoals_end_simple, layout_shoals, uniq_nikola
Snake:1:  layout_layer_cave, basic_altar, grunt_megastairs_3
Snake:2:  layout_gridlike
Snake:3:  layout_layer_cave, nicolae_shop_sticking_my_neck_out,
          minmay_shop_star, grunt_megastairs_2, uniq_mara
Snake:4:  minmay_snake_end_coiled, layout_layer_cave, nicolae_shop_gadgets
Slime:1:  layout_caves, cheibrodos_slime_lost_civilization_6
Slime:2:  layout_caves, nicolae_slime_crime_time
Slime:3:  layout_caves, nicolae_slime_getting_an_eyeful
Slime:4:  layout_caves
Slime:5:  slime_pit_nicolae_jellycorners
Orc:1:    layout_diamond_mine
Orc:2:    st_orc_congregation, layout_caves
Elf:1:    eino_elf_arrival_customs, layout_geoelf_octagon, evilmike_minifort,
          lemuel_upstairs_altar
Elf:2:    elven_hall_of_blades_hangedman_original
          [infiniplex_blade_entry_pillars], layout_geoelf_diagonals,
          basic_altar, serial_glass, glass_columns_b, glass_columns_b
Elf:3:    elf_hall_gauntlet_narrow, layout_gridlike, hangedman_elf_represent
Vaults:1: ontoclasm_vaults_loading_screen, nicolae_vaults_closet_pinwheel_2,
          nicolae_vaults_alarming, nicolae_vaults_closet_pinwheel_2,
          nicolae_vaults_variable_pillar_hall, ontoclasm_vaults_pinch,
          hangedman_vaults_nails, v_misc_8, nicolae_vaults_network_periphery,
          nicolae_vaults_storage_closets_1, nicolae_vaults_house_1,
          nicolae_vaults_apartment_1, grunt_vaults_hallway_long,
          layout_vaults_maze_snakey, uniq_aizul
Vaults:2: nicolae_vaults_house_1, nicolae_vaults_trapezoid_1,
          ontoclasm_vaults_gateway, nicolae_vaults_yaktaur_gun_rack,
          nicolae_vaults_three_branches, nicolae_vaults_little_squares_5,
          nicolae_vaults_spaceships, hangedman_vaults_variations,
          nicolae_vaults_quadrants, hangedman_vaults_stretched_pinwheel,
          ontoclasm_vaults_fault, nicolae_vaults_closet_pinwheel_3,
          ontoclasm_vaults_shuriken, nicolae_vaults_sealed_display,
          layout_vaults_omnicross
Vaults:3: nicolae_vaults_library_corner, nicolae_vaults_tetromino_Z_1,
          minmay_crypt_entry_simple_corners, dpeg_vaults_monster_box, v_misc_9,
          v_misc_9, vaults_dpeg_diagonal, nicolae_vaults_house_2,
          nicolae_vaults_apartment_1, vaults_mumra_lcd, v_misc_18,
          nicolae_vaults_windows_and_doors_thing, vaults_room_door_ring,
          vaults_mumra_hex, layout_vaults_quadrants
Vaults:4: portal_desolation_entry_nicolae_nacl, st_cells, v_misc_12,
          nicolae_vaults_closet_pinwheel_4, v_rooms_1,
          hangedman_vaults_stretched_pinwheel,
          nicolae_vaults_variable_pillar_hall, v_misc_29, nicolae_vaults_theta,
          vaults_mumra_hexcomb, nicolae_vaults_little_ls,
          nicolae_vaults_octothorpe, nicolae_vaults_diagonal_hallway_6,
          layout_vaults_big_room
Depths:1: layout_cave_pools, serial_shops, nicolae_shop_stone,
          nicolae_shop_advertising_works [nicolae_subvault_shop_adworks],
          abyss_entry_flame_altar, hell_entry, kennysheep_decorative_pillar,
          lemuel_zombie_altar_kikubaaqudgha, minmay_shop_grove, uniq_norris
Depths:2: minmay_dotted_concentric_squares, layout_gridlike,
          rand_demon_pan_entry_9, hangedman_abyss_entry_splay,
          nemelex_xobeh_ov_fountains_minmay, hell_entry
Depths:3: minmay_spriggan_fort, layout_cave_pools, kennysheep_nondescript,
          pan_entry, grunt_hell_entry_dis_grunt, special_room
          [special_room_jelly], serial_shops, shop, abyss_entry,
          mu_enter_wizlab_1
Depths:4: grunt_crosshair, layout_cave_shapes, enter_ziggurat_f,
          nicolae_zig_zag_zippers, hell_entry
Zot:1:    layout_gridlike, regret_index_zotdec_silver_v_v_loose,
          hellmonk_formless_pools, uniq_vv

Skill      XL: |  1  2  3  4  5  6  7  8  9 10 11 12 13 14 15 16 17 18 19 20 21 22 23 24 25 26 |
---------------+-------------------------------------------------------------------------------+-----
Axes           | 2 3 4 5 6 8 9 10 12 15 16 18 20 21 22 23 24 | 24.0
Fighting       | 5 7 8 9 12 16 18 19 20 21 23 24 25 26 | 26.7
Armour         | 5 7 8 11 12 14 16 18 21 24 | 24.2
Evocations     | 2 4 5 7 |  7.0
Invocations    | 5 6 8 10 11 15 16 17 | 17.4
Shields        | 4 8 |  8.0
Stealth        | 3 5 |  5.0
Dodging        | 4 5 6 10 | 10.0

Action                     |  1- 3 |  4- 6 |  7- 9 | 10-12 | 13-15 | 16-18 | 19-21 | 22-24 | 25-27 || total
---------------------------+-------+-------+-------+-------+-------+-------+-------+-------+-------++-------
  Melee: War axe           |   126 |    93 |       |       |       |       |       |       |       ||   219
         Broad axe         |       |    79 |   257 |   541 |  1518 |  1583 |  1289 |  1800 |   455 ||  7522
         Morningstar       |       |       |       |       |    14 |       |       |       |       ||    14
         Unarmed           |       |       |       |       |       |       |       |     6 |       ||     6
         Executioner's axe |       |       |       |       |       |       |       |       |   742 ||   742
  Throw: Dart              |       |       |     2 |       |     1 |       |       |       |       ||     3
 Invoke: Heroism           |       |       |       |     1 |     6 |    10 |     4 |    18 |    10 ||    49
         Receive Weapon    |       |       |       |       |     1 |       |       |       |       ||     1
         Receive Armour    |       |       |       |       |     1 |       |       |       |       ||     1
         Finesse           |       |       |       |       |       |     1 |     1 |     8 |     6 ||    16
         Duel              |       |       |       |       |       |     1 |       |       |     1 ||     2
  Evoke: Wand              |       |       |     2 |    16 |    32 |     4 |     2 |     2 |     1 ||    59
         Tin of tremorston |       |       |       |       |       |     1 |     2 |       |     2 ||     5
    Use: Scroll            |       |     4 |     1 |     4 |    13 |    10 |     6 |     5 |    17 ||    60
         Potion            |       |     2 |     3 |     3 |     2 |     1 |     8 |     8 |    12 ||    39
   Stab: Sleeping          |       |       |       |       |     2 |    13 |    16 |    33 |     6 ||    70
         Distracted        |       |       |       |       |     1 |       |     4 |     2 |     2 ||     9
         Confused          |       |       |       |       |       |       |       |       |     1 ||     1
 Armour: Scale mail        |    57 |       |       |       |       |       |       |       |       ||    57
         Plate armour      |    16 |   162 |   279 |   428 |   561 |       |       |       |       ||  1446
         Chain mail        |       |       |       |       |   251 |       |       |       |       ||   251
         Shadow dragon sca |       |       |       |       |   238 |  1324 |  1055 |  1410 |   887 ||  4914
         Skin              |       |       |       |       |       |       |       |     8 |       ||     8
         Gold dragon scale |       |       |       |       |       |       |       |       |   175 ||   175
  Dodge: Dodged            |    59 |   102 |   215 |   313 |   753 |   752 |   481 |   857 |   609 ||  4141
  Block: Buckler           |    17 |    47 |    70 |    95 |   210 |   131 |       |       |       ||   570
         Kite shield       |       |       |       |       |       |   410 |   435 |   756 |   155 ||  1756
         Reflection        |       |       |       |       |       |    44 |    58 |    19 |     2 ||   123
